 Dungeon Crawl Stone Soup version 0.29-a0-1009-g60c99734e7 (webtiles) character file.

Game seed: 18289278244742122714

1276 RepoMan the Trooper (level 8, -7/87 HPs)
             Began as an Ogre Hunter on Aug 8, 2022.
             Was a Plaything of Xom.
             Mangled by an orc warrior
             ... wielding a +4 vorpal battleaxe
              (14 damage)
             ... on level 5 of the Dungeon.
             The game lasted 00:39:30 (4517 turns).

RepoMan the Trooper (Ogre Hunter)                   Turns: 4517, Time: 00:39:31

Health: -7/87      AC:  5    Str: 25 (26) XL:     8   Next: 54%
Magic:  8/8        EV: 10    Int:  7 (8)  God:    Xom [..*...]
Gold:   284        SH:  0    Dex: 12 (13) Spells: 7/7 levels left

rFire   + + .      SeeInvis .   w - +12 whip of Uxkuj {flame, Dex+3}
rCold   + + .      Faith    .   (no shield)
rNeg    . . .      Spirit   .   d - +2 robe {rC+ rF+}
rPois   .          Reflect  .   (helmet restricted)
rElec   .          Harm     .   (no cloak)
rCorr   .          Rampage  .   (gloves unavailable)
Will    .....      Clarity  +   (boots unavailable)
Stlth   +.........              (no amulet)
HPRegen 0.24/turn               i - ring of protection from cold
MPRegen 0.11/turn               l - ring of protection from fire

@: about to teleport
A: large, unfitting armour, tough skin 1, clarity, strong 2
a: Renounce Religion


You were on level 5 of the Dungeon.
You worshipped Xom.
You were a toy of Xom.
You visited 2 branches of the dungeon, and saw 6 of its levels.
You also visited: Sewer.

You collected 284 gold pieces.

Inventory:

Hand Weapons
 b - a +0 shortbow
 w - the +12 whip of Uxkuj (weapon) {flame, Dex+3}
   (You found it on level 2 of the Dungeon)

   It burns those it strikes, dealing additional fire damage.
   Dex:       It affects your dexterity (+3).
 x - a +0 giant club
Missiles
 g - 2 poisoned darts
 s - 2 silver javelins
 u - 34 stones
Armour
 d - a +2 robe of resistance (worn)
Magical Staves
 k - a staff of fire
Jewellery
 i - a ring of protection from cold (left hand)
 l - a ring of protection from fire (right hand)
 p - a ring of poison resistance
Scrolls
 a - 2 scrolls of immolation
 j - 2 scrolls of enchant weapon {unknown}
 q - a scroll of brand weapon {unknown}
 r - 5 scrolls of identify {unknown}
 t - a scroll of fog
 v - a scroll of magic mapping
 y - a scroll of noise {unknown}
Potions
 m - a potion of flight {unknown}
 n - a potion of degeneration
 o - a potion of curing {unknown}
 z - a potion of invisibility {unknown}


   Skills:
 + Level 7.4 Fighting
 * Level 6.0 Maces & Flails
 - Level 2.9 Ranged Weapons
 + Level 5.0 Throwing
 - Level 1.7 Dodging
 - Level 0.6 Stealth


You had 7 spell levels left.
You didn't know any spells.
Your spell library contained the following spells:

 Spells                   Type           Power      Damage    Failure   Level
 Magic Dart               Conj           0%         1d3       43%         1
 Shock                    Conj/Air       0%         1d3       43%         1
 Sting                    Tmut/Pois      0%         1d3       43%         1
 Poisonous Vapours        Pois/Air       0%         N/A       56%         2
 Searing Ray              Conj           0%         2d4       56%         2
 Ozocubu's Armour         Ice            0%         N/A       80%         3
 Swiftness                Air            0%         N/A       80%         3
 Airstrike                Air            0%         2d(0-16)  99%         4
 Fulminant Prism          Conj/Hex       0%         3d6       99%         4
 Olgreb's Toxic Radiance  Pois           0%         N/A       99%         4
 Ozocubu's Refrigeration  Ice            0%         4d7       100%        7


Dungeon Overview and Level Annotations

Branches:
Dungeon (5/15)             Temple (1/1) D:5           Sewer (visited)

Altars:
Cheibriados
Fedhas
Uskayaw
Xom

Shops:
D:1 :

Annotations:
D:2 exclusion: downstairs
D:3 Robin, Sigmund
D:4 exclusion: upstairs


Innate Abilities, Weirdness & Mutations

You are too large for most types of armour.
You have tough skin. (AC +1)
You possess an exceptional clarity of mind.
Your muscles are very strong. (Str +8, Int/Dex -2)


Message History

An orc comes into view. It is wielding a +0 whip.
The orc warrior closely misses you.
Items here: ))) †.
Press: ? - help, v - describe, . - travel
Here: an orc warrior, wielding a +4 vorpal battleaxe and wearing a +3 plate armour (lightly wounded, poisoned)
The floor.
Unknown command.
Press: ? - help, v - describe, . - travel
Here: an orc warrior, wielding a +4 vorpal battleaxe and wearing a +3 plate armour (lightly wounded, poisoned)
The floor.
Unknown command.
You aren't carrying any items that you can evoke.
Okay, then.
It was a potion of mutation.
You feel extremely strange.
You feel stronger. x2; Your thoughts seem clearer.
The orc warrior hits you with a +4 vorpal battleaxe!
Okay, then.
Unknown command.
Okay, then.
Press: ? - help, . - travel You can't see that place.
Okay, then.
Okay, then.
As you read the scroll of teleportation, it crumbles to dust.
You feel strangely unstable.
The orc warrior hits you with a +4 vorpal battleaxe!!
* * * LOW HITPOINT WARNING * * *
x2
Okay, then.
Unknown command.
The orc warrior attacks as you move away!
The orc warrior closely misses you.
Okay, then.
Okay, then.
Unknown command.
Okay, then.
Unknown command.
The orc warrior attacks as you move away!
The orc warrior hits you with a +4 vorpal battleaxe!
You die...
Xom titters!

#####8...8#####
....####### ##### ###
#.......# #.##.##.#
#.##.##.# #.##.##.###
####.#.......######
..#.#..#....@o.o)#
#.#.#.....#.####)###
####.#.......#.##..)..#
#...........##.##..)o.#
##.##.####.#.####8.#.#)8#
#...#.# #.#.#####.###.##
......# #.#.....## ##
#...### ##+####### #.###
##...##


You could see an orc warrior (poisoned) and an orc.

Vanquished Creatures
  Duvessa (D:4)
  Pargi (Sewer)
  An ice beast (D:5)
  2 black bears
  2 ogres
  A scorpion (D:5)
  Dowan (D:4)
  3 hounds
  A jelly (D:4)
  3 orc priests (D:5)
  An iron imp (D:5)
  An iguana (D:4)
  A gnoll bouda (D:5)
  Terence (D:2)
  An orc wizard (D:5)
  5 gnolls
  4 adders
  A white imp (D:5)
  2 worms
  A dart slug (D:1)
  14 orcs
  6 ball pythons
  5 bats
  5 endoplasms
  2 giant cockroaches
  8 goblins
  5 hobgoblins
  2 jackals (D:1)
  4 kobolds
  11 quokkas
  2 rats
98 creatures vanquished.

Vanquished Creatures (others)
  A plant (D:3)
1 creature vanquished.

Grand Total: 99 creatures vanquished

Notes
Turn   | Place    | Note
-------+----------+-------------------------------------------
     0 | D:1      | RepoMan the Ogre Hunter began the quest for the Orb.
     0 | D:1      | Reached XP level 1. HP: 22/22 MP: 1/1
    45 | D:1      | Reached skill level 3 in Fighting
    86 | D:1      | Reached XP level 2. HP: 31/31 MP: 2/2
   103 | D:1      | Found Kiyke's Vocational Training.
   356 | D:1      | Reached skill level 1 in Throwing
   414 | D:1      | Reached XP level 3. HP: 39/39 MP: 3/3
   634 | D:1      | Reached skill level 4 in Fighting
  1111 | D:2      | Noticed Terence
  1116 | D:2      | Killed Terence
  1117 | D:2      | Reached skill level 1 in Maces & Flails
  1117 | D:2      | Reached XP level 4. HP: 48/48 MP: 4/4
  1134 | D:2      | Identified the +12 whip of Uxkuj {flame, Dex+3}
  1746 | D:3      | Noticed a black bear
  1750 | D:3      | Killed a black bear
  1751 | D:3      | Reached XP level 5. HP: 49/55 MP: 5/5
  1816 | D:3      | Found a glowing drain.
  1840 | D:3      | Reached skill level 5 in Fighting
  1842 | D:3      | Noticed Sigmund
  1845 | Sewer    | Entered a sewer
  1874 | Sewer    | Noticed Pargi
  1889 | Sewer    | Killed Pargi
  1890 | Sewer    | Reached XP level 6. HP: 45/66 MP: 6/6
  2371 | D:3      | Noticed Robin
  2604 | D:4      | Found a shimmering altar of Xom.
  2623 | D:4      | Became a worshipper of Xom the Fickle
  2648 | D:4      | XOM: divination: magic mapping
  2656 | D:4      | XOM: silly message
  2687 | D:4      | Reached XP level 7. HP: 51/74 MP: 7/7
  2721 | D:4      | XOM: silly message
  2787 | D:4      | XOM: divination: detect creatures
  2857 | D:4      | Noticed Duvessa
  2857 | D:4      | Noticed Dowan
  2865 | D:4      | Killed Duvessa
  2866 | D:4      | Reached skill level 6 in Fighting
  2867 | D:4      | Killed Dowan
  3039 | D:4      | Found the +1 Delatra's gloves {ID++}
  3182 | D:4      | XOM: potion effect (heal wounds)
  3480 | D:4      | XOM: divination: detect items
  3531 | D:5      | XOM: stealth player
  3531 | D:5      | Entered Level 5 of the Dungeon
  3581 | D:5      | Found a staircase to the Ecumenical Temple.
  3588 | D:5      | Reached skill level 5 in Maces & Flails
  3592 | Temple   | Entered the Ecumenical Temple
  3729 | D:5      | Found a hide-covered altar of Uskayaw.
  3746 | D:5      | XOM: 2-stop teleportation journey
  3760 | D:5      | Reached XP level 8. HP: 84/84 MP: 8/8
  4000 | D:5      | Reached skill level 7 in Fighting
  4117 | D:5      | XOM is BORED!
  4264 | D:5      | Found a snail-covered altar of Cheibriados.
  4437 | D:5      | XOM is BORED!
  4494 | D:5      | XOM: potion effect (curing)
  4500 | D:5      | Reached skill level 5 in Throwing
  4513 | D:5      | Gained mutation: Your muscles are strong. (Str +4, Int/Dex
                  | -1) [potion of mutation]
  4513 | D:5      | Gained mutation: Your muscles are very strong. (Str +8,
                  | Int/Dex -2) [potion of mutation]
  4513 | D:5      | Gained mutation: You possess an exceptional clarity of
                  | mind. [potion of mutation]
  4517 | D:5      | Mangled by an orc warrior

Illustrated notes

Levels and vault maps discovered:
D:1:      dpeg_arrival_line_fractal, layout_basic, nicolae_shop_vocational
D:2:      layout_loops_corners, uniq_terence
D:3:      cheibrodos_old_hovel, layout_rooms, minitemple,
          dreamdust_ecumenical_altar_drowned_temple, portal_sewer_entry_f,
          grunt_ministairs_9, hangedman_decor_points, uniq_ijyb, uniq_sigmund,
          uniq_robin, uniq_jessica
D:4:      kennysheep_six_static_rooms, layout_loops_ring, lemuel_crystal_altar,
          uniq_duvessa
D:5:      layout_loops_corners, overflow_temple_1_default, chei_slow_surprise,
          minmay_temple_entry_antechambers, solitary_fountain,
          minmay_misc_feat_iff, pf_guarded_unrand_meek
Temple:   nicolae_temple_ecumenical_triangle

Skill      XL: |  1  2  3  4  5  6  7  8 |
---------------+-------------------------+-----
Fighting       | 3 4 5 6 7 |  7.4
Throwing       | 1 2 3 4 5 |  5.0
Maces & Flails | 1 2 3 5 6 |  6.0
Ranged Weapons | |  2.9
Dodging        | |  1.7
Stealth        | |  0.6

Action                   |  1- 3 |  4- 6 |  7- 9 || total
-------------------------+-------+-------+-------++-------
Melee: Whip              |       |    45 |    73 ||   118
 Fire: Shortbow          |    95 |    47 |    25 ||   167
Throw: Dart              |       |       |     1 ||     1
Evoke: Wand              |       |       |     6 ||     6
  Use: Scroll            |       |     4 |     3 ||     7
       Potion            |       |     2 |     4 ||     6
 Stab: Distracted        |       |     1 |       ||     1
       Sleeping          |       |       |     1 ||     1
Armor: Robe              |    10 |    42 |     6 ||    58
Dodge: Dodged            |    27 |    55 |    27 ||   109

Table legend: (Time is in decaauts)
 A = Elapsed time spent in this place.
 B = Non-inter-level travel time spent in this place.
 C = Inter-level travel time spent in this place.
 D = Time resting spent in this place.
 E = Time spent auto-exploring this place.
 F = Levels seen in this place.
 G = Mean time per level.
                   A        B        C        D        E       F      G
               +--------+--------+--------+--------+--------+-----+--------+
         Total |   4522 |   4367 |    155 |    573 |   2250 |   7 |  646.0 |
       Dungeon |   4253 |   4098 |    155 |    412 |   2250 |   5 |  850.6 |
        Temple |      1 |      1 |      0 |      0 |      0 |   1 |    1.0 |
         Sewer |    267 |    267 |      0 |    160 |      0 |   1 |  267.0 |
               +--------+--------+--------+--------+--------+-----+--------+

Top non-repeatable levels by time:
     D:2: 1243 daAuts
     D:4: 1131 daAuts
     D:5: 974 daAuts
     D:1: 743 daAuts
   Sewer: 267 daAuts
     D:3: 160 daAuts
  Temple: 1 daAuts
